 Dungeon Crawl Stone Soup version 0.30.1-11-g7821555f0a (webtiles) character file.

Game seed: 14603890125473595083

1340 Marvel the Cleaver (level 8, -2/71 HPs)
             Began as a Hill Orc Fighter on Dec 20, 2023.
             Was a Follower of Okawaru.
             Slain by Joseph
             ... wielding a +0 quarterstaff
              (17 damage)
             ... on level 7 of the Dungeon.
             The game lasted 00:07:59 (5733 turns).

Marvel the Cleaver (Hill Orc Fighter)               Turns: 5733, Time: 00:07:59

Health: -2/71      AC:  8    Str: 17 (19) XL:     8   Next: 62%
Magic:  8/8        EV:  9    Int:  8      God:    Okawaru [*.....]
Gold:   297        SH:  4    Dex: 10      Spells: 7/7 levels left

rFire   + . .        a - +0 war axe
rCold   . . .        c - +0 buckler
rNeg    . . .        m - +0 scale mail
rPois   .            (no helmet)
rElec   .            (no cloak)
rCorr   .            (no gloves)
SInv    .            k - +0 pair of boots
Will    .....        (no amulet) Stlth
                     (no ring)
HPRegen 0.31/turn    (no ring)
MPRegen 0.11/turn

%: clarity
@: no status effects
A: talons 1, clarity, fire resistance 1, weak 1
a: Renounce Religion, Heroism


You were on level 7 of the Dungeon.
You worshipped Okawaru.
Okawaru was aware of your devotion.
You visited 2 branches of the dungeon, and saw 8 of its levels.

You collected 297 gold pieces.

Inventory:

Hand Weapons
 a - a +0 war axe (weapon)
 d - a +4 heavy falchion
 w - a +0 war axe
Armour
 b - a +0 scale mail
 c - a +0 buckler (worn)
 k - a +0 pair of boots (worn)
 m - a +0 scale mail (worn)
Jewellery
 s - an amulet of reflection
 z - a ring of magical power
Wands
 t - a wand of iceblast (20)
 u - a wand of charming (10)
 y - a wand of flame (23)
Scrolls
 e - 6 scrolls of identify {unknown}
 f - 2 scrolls of amnesia {unknown}
 h - 5 scrolls of fog {unknown}
 i - 6 scrolls of teleportation {unknown}
 j - a scroll of enchant armour {unknown}
 l - a scroll of butterflies {unknown}
 n - a scroll of brand weapon {unknown}
 p - a scroll of vulnerability {unknown}
 r - a scroll of acquirement {unknown}
 v - 2 scrolls of fear {unknown}
 A - a scroll of noise {unknown}
Potions
 g - 2 potions of curing
 o - a potion of cancellation {unknown}
 q - 2 potions of might
 x - a potion of haste {unknown}


   Skills:
 + Level 6.3 Fighting
 + Level 9.7 Axes
 + Level 6.1 Armour
 + Level 4.8 Shields
 + Level 0.8 Evocations


You had 7 spell levels left.
You didn't know any spells.
Your spell library contained the following spells:

 Spells                   Type           Power      Damage    Failure   Level
 Leda's Liquefaction      Hex/Erth       0%         N/A       100%        4
 Lee's Rapid Deconstruct  Erth           0%         3d4*      100%        5
 Statue Form              Tmut/Erth      0%         N/A       100%        6


Dungeon Overview and Level Annotations

Branches:
Dungeon (7/15)             Temple (1/1) D:4

Altars:
Ashenzari
Cheibriados
Dithmenos
Elyvilon
Fedhas
Gozag
Hepliaklqana
Kikubaaqudgha
Nemelex Xobeh
Okawaru
Qazlal
Vehumet
Wu Jian
Yredelemnul
Zin
The Shining One

Annotations:
D:7 Joseph


Innate Abilities, Weirdness & Mutations

You have sharp toenails.
You possess an exceptional clarity of mind.
Your flesh is heat resistant. (rF+)
You are weak. (Str -2)


Message History

You closely miss Joseph.
Joseph is lightly wounded.
You barely miss the bullfrog. The bullfrog hits you. Joseph barely misses you.
The bullfrog hits you.
You barely miss Joseph.
Joseph is lightly wounded.
You hit the bullfrog. The bullfrog hits you. Joseph barely misses you.
You slash Joseph!
Joseph is moderately wounded.
You hit the bullfrog but do no damage.
The bullfrog hits you but does no damage.
Joseph hits you with a +0 quarterstaff.
The bullfrog hits you but does no damage.
You hit Joseph.
Joseph is heavily wounded.
You hit the bullfrog.
The bullfrog hits you but does no damage.
Joseph hits you with a +0 quarterstaff!!
You block the bullfrog's attack.
You slash Joseph!
Joseph is heavily wounded.
You completely miss the bullfrog.
Joseph tries to grin evilly.
Joseph hits you with a +0 quarterstaff.
The bullfrog hits you but does no damage.
You barely miss Joseph.
Joseph is heavily wounded.
You closely miss the bullfrog.
The bullfrog hits you but does no damage.
Joseph hits you with a +0 quarterstaff. You block the bullfrog's attack.
You slash Joseph!
Joseph is severely wounded.
You slash the bullfrog! The bullfrog barely misses you.
Joseph hits you with a +0 quarterstaff!
* * * LOW HITPOINT WARNING * * *
You barely miss Joseph.
Joseph is severely wounded.
You closely miss the bullfrog. You block the bullfrog's attack.
Joseph hits you with a +0 quarterstaff!
You die...

...........# #...
...........# #...
...........# #...
......##.### #...
.........# #...
.........# ###...
######...###...##
########.......##...##
#...@@.........##...##
#....F.........##.....
#..............##.....
#........>.....####!..
#..............#......
#..............#......
#.......!.............
#..............#...###
#########


You could see Joseph and a bullfrog.

Vanquished Creatures
  Sigmund (D:3)
  A steam dragon (D:5)
  An ice beast (D:6)
  A black bear (D:4)
  An ogre (D:5)
  A phantom (D:5)
  2 scorpions
  3 hounds
  3 orc priests
  5 iguanas
  Terence (D:2)
  3 orc wizards (D:5)
  Robin (D:3)
  6 adders
  A gnoll (D:4)
  A white imp (D:5)
  An ufetubus (D:6)
  A worm (D:4)
  A dart slug (D:2)
  11 orcs
  7 bats
  5 endoplasms
  2 giant cockroaches
  16 goblins
  15 hobgoblins
  8 jackals (D:1)
  5 kobolds
  2 quokkas
  5 ball pythons
  5 frilled lizards (D:1)
  6 rats
122 creatures vanquished.

Vanquished Creatures (others)
  An orc (D:4)
1 creature vanquished.

Grand Total: 123 creatures vanquished

Notes
Turn   | Place    | Note
-------+----------+-------------------------------------------
     0 | D:1      | Marvel the Hill Orc Fighter began the quest for the Orb.
     0 | D:1      | Reached XP level 1. HP: 19/19 MP: 1/1
    55 | D:1      | Reached XP level 2. HP: 27/27 MP: 2/2
   118 | D:1      | Reached skill level 3 in Axes
   262 | D:1      | Reached XP level 3. HP: 32/33 MP: 3/3
   950 | D:2      | Noticed Terence
   963 | D:2      | Killed Terence
   964 | D:2      | Reached skill level 4 in Axes
   964 | D:2      | Reached XP level 4. HP: 14/40 MP: 4/4
  1077 | D:2      | Found a broken altar of Ashenzari.
  1582 | D:3      | Noticed Sigmund
  1592 | D:3      | Killed Sigmund
  1593 | D:3      | Reached skill level 6 in Axes
  1593 | D:3      | Reached XP level 5. HP: 47/47 MP: 5/5
  1593 | D:3      | Reached XP level 6. HP: 53/53 MP: 6/6
  1634 | D:3      | You fall into a shaft and drop 1 floor!
  1858 | D:4      | Noticed a black bear
  1870 | D:4      | Killed a black bear
  1871 | D:4      | Reached skill level 5 in Fighting
  1871 | D:4      | Reached skill level 7 in Axes
  1871 | D:4      | Reached XP level 7. HP: 27/61 MP: 7/7
  1988 | D:3      | Found an ancient bone altar of Kikubaaqudgha.
  2032 | D:4      | Found a staircase to the Ecumenical Temple.
  2042 | Temple   | Entered the Ecumenical Temple
  2213 | Temple   | Became a worshipper of Warmaster Okawaru
  2877 | D:3      | Noticed Robin
  2890 | D:3      | Killed Robin
  3146 | D:3      | Identified the +8 chain mail of Oggylesu {rElec Dex+4}
  3223 | D:5      | Entered Level 5 of the Dungeon
  3268 | D:5      | Reached skill level 5 in Armour
  3297 | D:5      | Found a glowing golden altar of the Shining One.
  3437 | D:5      | Identified the +0 ring mail of Deocob {Will+ Str+6}
  3482 | D:5      | Noticed a steam dragon
  3491 | D:5      | Killed a steam dragon
  3492 | D:5      | Reached skill level 8 in Axes
  3679 | D:5      | Gained mutation: You have sharp toenails. [potion of
                  | mutation]
  3679 | D:5      | Gained mutation: Your flesh is heat resistant. (rF+)
                  | [potion of mutation]
  3679 | D:5      | Gained mutation: You are weak. (Str -2) [potion of
                  | mutation]
  3679 | D:5      | Gained mutation: You possess an exceptional clarity of
                  | mind. [potion of mutation]
  3872 | D:5      | Reached XP level 8. HP: 69/69 MP: 8/8
  3894 | D:5      | Found a glowing silver altar of Zin.
  4241 | D:5      | Reached skill level 9 in Axes
  4591 | D:5      | Reached * piety under Okawaru
  5719 | D:7      | Noticed Joseph
  5733 | D:7      | Slain by Joseph

Illustrated notes

Levels and vault maps discovered:
D:1:      scummos_arrival_star, layout_loops_ring, minmay_ruptured
D:2:      layout_basic, basic_altar, uniq_terence
D:3:      layout_basic, nicolae_overflow_hidden_temple, uniq_sigmund, uniq_robin
D:4:      layout_loops_ring, minmay_temple_entry_waves, minmay_circle_x
D:5:      layout_loops_ring, mainiacjoe_overflow_boulevard, tso_metal_star,
          serial_co_window_serial, co_window_paths_b,
          co_window_of_opportunity_a, co_window_paths_b, co_window_paths_a,
          co_window_of_opportunity_a, co_window_paths_b,
          co_window_of_opportunity_a, co_window_corner_a, co_window_paths_b,
          co_window_unsneaky_path_c, co_window_corner_b,
          co_window_unsneaky_path_a, co_window_4corner_b, glass_columns_a,
          glass_columns_a, glass_columns_a, glass_columns_b, glass_columns_b,
          st_stairs_12
D:6:      layout_rooms, kennysheep_small_spiral
D:7:      lemuel_bear_cage, layout_basic, uniq_joseph
Temple:   nicolae_temple_bog_church

Skill      XL: |  1  2  3  4  5  6  7  8 |
---------------+-------------------------+-----
Axes           | 3 4 6 7 8 9 |  9.7
Fighting       | 4 5 6 |  6.3
Armour         | 4 5 6 |  6.1
Shields        | 4 |  4.8
Evocations     | |  0.8

Action                     |  1- 3 |  4- 6 |  7- 9 || total
---------------------------+-------+-------+-------++-------
  Melee: War axe           |   118 |    76 |   212 ||   406
  Evoke: Wand              |       |       |     7 ||     7
    Use: Potion            |     1 |     1 |     5 ||     7
         Scroll            |       |       |     2 ||     2
   Stab: Invisible         |       |     2 |       ||     2
 Armour: Scale mail        |    73 |    30 |    78 ||   181
  Dodge: Dodged            |    53 |    36 |    75 ||   164
  Block: Buckler           |    22 |    18 |    39 ||    79
